TOP OF THE 1ST |
San Antonio Missions batting - Pitching for Tacoma Rainiers : RHP Tony Locey
|
Pitching: RHP Tony Locey
|
|
Batting: LHB Hedbert Perez
|
0-0: Called Strike 0-1: Ball 1-1: Foul Ball, location: 2F 1-2: DOUBLE (Line Drive, 7LM, EV 100.6 MPH)
|
Batting: LHB Jeans Garcia
|
0-0: Ball 1-0: Foul Ball, location: 2F 1-1: Called Strike 1-2: Ball 2-2: Fly out, F7 (Line Drive, 7D, EV 93.1 MPH)
|
Batting: RHB Gabriel Rodriguez
|
0-0: Ball 1-0: Swinging Strike 1-1: Foul Ball, location: 2F 1-2: Strikes out swinging
|
Batting: RHB Eduardo Garcia
|
0-0: DOUBLE (Groundball, 5L, EV 94.4 MPH) Hedbert Perez scores
|
Batting: RHB Jesus Parra
|
0-0: Ball 1-0: Ball 2-0: Foul Ball, location: 2F 2-1: Foul Ball, location: 2F 2-2: Strikes out swinging
|
Top of the 1st over - 1 run, 2 hits, 0 errors, 1 left on base; San Antonio 1 - Tacoma 0 |
BOTTOM OF THE 1ST |
Tacoma Rainiers batting - Pitching for San Antonio Missions : RHP Lane Flamm
|
Pitching: RHP Lane Flamm
|
|
Batting: RHB Nelson Medina
|
0-0: Foul Ball, location: 2F 0-1: Foul Ball, location: 2F 0-2: Strikes out swinging
|
Batting: LHB Jonatan Clase
|
0-0: Called Strike 0-1: Fly out, F7 (Flyball, 78M, EV 85.6 MPH)
|
Batting: RHB Noelvi Marte
|
0-0: Ball 1-0: Called Strike 1-1: Foul Ball, location: 2F 1-2: Foul Ball, location: 2F 1-2: Fly out, F7 (Line Drive, 7, EV 91.2 MPH)
|
Bottom of the 1st over - 0 runs, 0 hits, 0 errors, 0 left on base; San Antonio 1 - Tacoma 0 |
TOP OF THE 2ND |
San Antonio Missions batting - Pitching for Tacoma Rainiers : RHP Tony Locey
|
Batting: RHB Pablo Abreu
|
0-0: Ball 1-0: SINGLE (Line Drive, 5D, EV 94.4 MPH)
|
Batting: SHB Yordys Valdes
|
0-0: Ball 1-0: Fly out, F2 (Popup, 2RF, EV 86.9 MPH)
|
Batting: LHB Juan Pie
|
0-0: Called Strike 0-1: Swinging Strike 0-2: Ball 1-2: Strikes out swinging Pablo Abreu steals 2nd base Batter strikes out.
|
Batting: LHB Ethan Hearn
|
0-0: Ball 1-0: Fly out, F8 (Flyball, 8LXD, EV 89.4 MPH)
|
Top of the 2nd over - 0 runs, 1 hit, 0 errors, 1 left on base; San Antonio 1 - Tacoma 0 |
BOTTOM OF THE 2ND |
Tacoma Rainiers batting - Pitching for San Antonio Missions : RHP Lane Flamm
|
Batting: LHB Joe Rizzo
|
0-0: Foul Ball, location: 2F 0-1: Ball 1-1: Called Strike 1-2: Ball 2-2: Ball 3-2: Base on Balls
|
Batting: RHB Matthew Lugo
|
0-0: Called Strike 0-1: Ball 1-1: Ball 2-1: Ball 3-1: Foul Ball, location: 2F 3-2: Foul Ball, location: 2F 3-2: Foul Ball, location: 2F 3-2: Fly out, F4 (Flyball, 3D, EV 88.8 MPH)
|
Batting: LHB Nolan Tressler
|
0-0: Ball 1-0: Ball 2-0: Ball 3-0: Foul Ball, location: 2F 3-1: Swinging Strike 3-2: Base on Balls Joe Rizzo to second
|
Batting: RHB Silas Butler
|
0-0: Called Strike 0-1: Ball 1-1: Ball 2-1: Ball 3-1: Swinging Strike 3-2: Strikes out swinging
|
Batting: LHB Andres Gimenez
|
0-0: Ball 1-0: Called Strike 1-1: Ball 2-1: Foul Ball, location: 2F 2-2: Foul Ball, location: 2F 2-2: Foul Ball, location: 2F 2-2: Ball 3-2: Ground out 6-3 (Groundball, 6S, EV 84.4 MPH)
|
Bottom of the 2nd over - 0 runs, 0 hits, 0 errors, 2 left on base; San Antonio 1 - Tacoma 0 |
TOP OF THE 3RD |
San Antonio Missions batting - Pitching for Tacoma Rainiers : RHP Tony Locey
|
Batting: LHB Hedbert Perez
|
0-0: Ball 1-0: Ground out 1-3 (Groundball, 34S, EV 65.6 MPH)
|
Batting: LHB Jeans Garcia
|
0-0: Foul Ball, location: 2F 0-1: Ball 1-1: Ball 2-1: Foul Ball, location: 2F 2-2: Foul Ball, location: 2F 2-2: Strikes out swinging
|
Batting: RHB Gabriel Rodriguez
|
0-0: Ball 1-0: Fly out, F7 (Flyball, 78S, EV 96.9 MPH)
|
Top of the 3rd over - 0 runs, 0 hits, 0 errors, 0 left on base; San Antonio 1 - Tacoma 0 |
BOTTOM OF THE 3RD |
Tacoma Rainiers batting - Pitching for San Antonio Missions : RHP Lane Flamm
|
Batting: RHB Richard Garcia
|
0-0: Ball 1-0: Ball 2-0: Foul Ball, location: 2F 2-1: Foul Ball, location: 2F 2-2: Strikes out swinging
|
Batting: RHB Nelson Medina
|
0-0: Ball 1-0: Foul Ball, location: 2F 1-1: Ball 2-1: Called Strike 2-2: Ball 3-2: Foul Ball, location: 2F 3-2: Ground out 3-1 (Groundball, 34, EV 81.9 MPH)
|
Batting: LHB Jonatan Clase
|
0-0: Called Strike 0-1: Ball 1-1: Ground out 4-3 (Groundball, 34D, EV 101.2 MPH)
|
Bottom of the 3rd over - 0 runs, 0 hits, 0 errors, 0 left on base; San Antonio 1 - Tacoma 0 |
TOP OF THE 4TH |
San Antonio Missions batting - Pitching for Tacoma Rainiers : RHP Tony Locey
|
Batting: RHB Eduardo Garcia
|
0-0: Called Strike 0-1: Foul Ball, location: 2F 0-2: Strikes out swinging
|
Batting: RHB Jesus Parra
|
0-0: Ball 1-0: Ball 2-0: Called Strike 2-1: Foul Ball, location: 2F 2-2: Ball 3-2: Strikes out swinging
|
Batting: RHB Pablo Abreu
|
0-0: Ball 1-0: Foul Ball, location: 2F 1-1: Foul Ball, location: 2F 1-2: Ball 2-2: Ground out 6-3 (Groundball, 6, EV 76.9 MPH)
|
Top of the 4th over - 0 runs, 0 hits, 0 errors, 0 left on base; San Antonio 1 - Tacoma 0 |
BOTTOM OF THE 4TH |
Tacoma Rainiers batting - Pitching for San Antonio Missions : RHP Lane Flamm
|
Batting: RHB Noelvi Marte
|
0-0: Foul Ball, location: 2F 0-1: Foul Ball, location: 2F 0-2: Ball 1-2: Ball 2-2: Foul Ball, location: 2F 2-2: Foul Ball, location: 2F 2-2: Foul Ball, location: 2F 2-2: Ball 3-2: Base on Balls
|
Batting: LHB Joe Rizzo
|
0-0: Ball 1-0: Called Strike 1-1: Called Strike 1-2: Ball 2-2: Foul Ball, location: 2F 2-2: Foul Ball, location: 2F 2-2: Ball 3-2: Base on Balls Noelvi Marte to second
|
Batting: RHB Matthew Lugo
|
0-0: Ball 1-0: Ball Wild Pitch! Noelvi Marte to third Joe Rizzo to second 2-0: Ball 3-0: Called Strike 3-1: Ground out 6-3 (Groundball, 6, EV 90.0 MPH) Noelvi Marte scores
|
Batting: LHB Nolan Tressler
|
0-0: Ball 1-0: Foul Ball, location: 2F 1-1: Ground out 5-3 (Groundball, 5S, EV 90.6 MPH)
|
Batting: RHB Silas Butler
|
0-0: Called Strike 0-1: Swinging Strike 0-2: Ball 1-2: Ball 2-2: SINGLE (Groundball, 6D, EV 108.1 MPH) Joe Rizzo to third
|
Batting: LHB Andres Gimenez
|
0-0: Foul Ball, location: 2F 0-1: Swinging Strike 0-2: Ball 1-2: Ground out 5-3 (Groundball, 56S, EV 84.4 MPH)
|
Bottom of the 4th over - 1 run, 1 hit, 0 errors, 2 left on base; San Antonio 1 - Tacoma 1 |
TOP OF THE 5TH |
San Antonio Missions batting - Pitching for Tacoma Rainiers : RHP Tony Locey
|
Batting: SHB Yordys Valdes
|
0-0: Foul Ball, location: 2F 0-1: Ball 1-1: Ball 2-1: Foul Ball, location: 2F 2-2: Ball 3-2: Base on Balls
|
Batting: LHB Juan Pie
|
0-0: Called Strike 0-1: Ball 1-1: Ball 2-1: Ball 3-1: Base on Balls Yordys Valdes to second
|
Batting: LHB Ethan Hearn
|
0-0: Foul Ball, location: 2F 0-1: Ball 1-1: Called Strike 1-2: Ball 2-2: Ball 3-2: Fielders Choice at 2nd, 3-6 (Groundball, 3S, EV 76.2 MPH) Yordys Valdes to third
|
Batting: LHB Hedbert Perez
|
0-0: Ball 1-0: Ball 2-0: Called Strike 2-1: Ball 3-1: Base on Balls Ethan Hearn to second
|
Batting: LHB Jeans Garcia
|
0-0: Called Strike 0-1: Swinging Strike 0-2: Foul Ball, location: 2F 0-2: Ball 1-2: Ball 2-2: Ball 3-2: Foul Ball, location: 2F 3-2: Strikes out looking
|
Batting: RHB Gabriel Rodriguez
|
0-0: Ball 1-0: Called Strike 1-1: Ball 2-1: Foul Ball, location: 2F 2-2: Ball 3-2: Base on Balls Yordys Valdes scores Ethan Hearn to third Hedbert Perez to second
|
Batting: RHB Eduardo Garcia
|
0-0: Called Strike 0-1: Fielders Choice at 2nd, 6-4 (Groundball, 56, EV 99.4 MPH)
|
Top of the 5th over - 1 run, 0 hits, 0 errors, 3 left on base; San Antonio 2 - Tacoma 1 |
BOTTOM OF THE 5TH |
Tacoma Rainiers batting - Pitching for San Antonio Missions : RHP Lane Flamm
|
Batting: RHB Richard Garcia
|
0-0: Ball 1-0: Ball 2-0: Fly out, F5 (Line Drive, 5, EV 71.2 MPH)
|
Batting: RHB Nelson Medina
|
0-0: Foul Ball, location: 2F 0-1: Ball 1-1: Foul Ball, location: 2F 1-2: SOLO HOME RUN (Flyball, 7LD, EV 92.5 MPH), Distance : 351 ft
|
Pitching: RHP Dante Mendoza
|
|
Batting: LHB Jonatan Clase
|
0-0: Ball
|
|
|
|
1-0: Ball 2-0: Called Strike 2-1: Ball 3-1: Swinging Strike 3-2: Base on Balls
|
Batting: RHB Noelvi Marte
|
0-0: Called Strike Jonatan Clase steals 2nd, throwing error, E2 Jonatan Clase to third 0-1: Foul Ball, location: 2F 0-2: Strikes out swinging
|
Batting: LHB Joe Rizzo
|
0-0: Called Strike 0-1: Fly out, F8 (Flyball, 8RS, EV 90.6 MPH)
|
Bottom of the 5th over - 1 run, 1 hit, 1 error, 1 left on base; San Antonio 2 - Tacoma 2 |
TOP OF THE 6TH |
San Antonio Missions batting - Pitching for Tacoma Rainiers : RHP Tony Locey
|
Pitching: RHP Enoli Paredes
|
|
Batting: RHB Jesus Parra
|
0-0: Ball 1-0: Swinging Strike 1-1: Ball 2-1: Called Strike 2-2: Foul Ball, location: 2F 2-2: Strikes out looking
|
Batting: RHB Pablo Abreu
|
0-0: Ball 1-0: Called Strike 1-1: Swinging Strike 1-2: Foul Ball, location: 2F 1-2: Ball 2-2: Strikes out swinging
|
Batting: SHB Yordys Valdes
|
0-0: Ball 1-0: Ball 2-0: Ball 3-0: Base on Balls
|
Batting: LHB Juan Pie
|
0-0: Ball 1-0: Ball 2-0: Called Strike 2-1: Foul Ball, location: 2F 2-2: Strikes out swinging
|
Top of the 6th over - 0 runs, 0 hits, 0 errors, 1 left on base; San Antonio 2 - Tacoma 2 |
BOTTOM OF THE 6TH |
Tacoma Rainiers batting - Pitching for San Antonio Missions : RHP Dante Mendoza
|
Batting: RHB Matthew Lugo
|
0-0: Foul Ball, location: 2F 0-1: Ball 1-1: Ball 2-1: Foul Ball, location: 2F 2-2: Strikes out looking
|
Batting: LHB Nolan Tressler
|
0-0: Called Strike 0-1: Ball 1-1: Called Strike 1-2: Strikes out swinging
|
Batting: RHB Silas Butler
|
0-0: Ball 1-0: Ball 2-0: SOLO HOME RUN (Flyball, 7D, EV 93.1 MPH), Distance : 379 ft
|
Batting: LHB Andres Gimenez
|
0-0: Ball 1-0: Ball 2-0: Ball 3-0: Base on Balls
|
Pitching: RHP Isaiah Campbell
|
|
Batting: RHB Richard Garcia
|
0-0: Swinging Strike 0-1: Ball 1-1: Fly out, F9 (Flyball, 89M, EV 91.2 MPH)
|
Bottom of the 6th over - 1 run, 1 hit, 0 errors, 1 left on base; San Antonio 2 - Tacoma 3 |
TOP OF THE 7TH |
San Antonio Missions batting - Pitching for Tacoma Rainiers : RHP Enoli Paredes
|
Batting: LHB Ethan Hearn
|
0-0: Ball 1-0: Ball 2-0: Foul Ball, location: 2F 2-1: Foul Ball, location: 2F 2-2: Foul Ball, location: 2F 2-2: Strikes out swinging
|
Batting: LHB Hedbert Perez
|
0-0: Called Strike 0-1: Ball 1-1: Swinging Strike 1-2: Foul Ball, location: 2F 1-2: Ground out 4-3 (Groundball, 4, EV 77.5 MPH)
|
Batting: LHB Jeans Garcia
|
0-0: Called Strike 0-1: Ground out 5-3 (Groundball, 56, EV 81.9 MPH)
|
Top of the 7th over - 0 runs, 0 hits, 0 errors, 0 left on base; San Antonio 2 - Tacoma 3 |
BOTTOM OF THE 7TH |
Tacoma Rainiers batting - Pitching for San Antonio Missions : RHP Isaiah Campbell
|
Batting: RHB Nelson Medina
|
0-0: Fly out, F6 (Popup, 6S, EV 62.5 MPH)
|
Batting: LHB Jonatan Clase
|
0-0: Ball 1-0: Ball 2-0: Foul Ball, location: 2F 2-1: Called Strike 2-2: Ball 3-2: SINGLE (Groundball, 25, EV 66.2 MPH) (infield hit)
|
Batting: RHB Noelvi Marte
|
0-0: Called Strike 0-1: Ball 1-1: Ball 2-1: Foul Ball, location: 2F 2-2: Foul Ball, location: 2F 2-2: Foul Ball, location: 2F 2-2: Strikes out swinging Jonatan Clase steals 2nd base Batter strikes out.
|
Batting: LHB Joe Rizzo
|
0-0: Called Strike 0-1: Called Strike 0-2: Ball 1-2: Ball 2-2: Ball 3-2: Fly out, F9 (Line Drive, 9D, EV 100.0 MPH)
|
Bottom of the 7th over - 0 runs, 1 hit, 0 errors, 1 left on base; San Antonio 2 - Tacoma 3 |
TOP OF THE 8TH |
San Antonio Missions batting - Pitching for Tacoma Rainiers : RHP Enoli Paredes
|
Pitching: RHP Will Proctor
|
|
Now at 3B: Francisco Hernandez
|
|
Batting: RHB Gabriel Rodriguez
|
0-0: Ball 1-0: Swinging Strike 1-1: Called Strike 1-2: Ball 2-2: Foul Ball, location: 2F 2-2: Fly out, F8 (Line Drive, 8RM, EV 88.8 MPH)
|
Batting: RHB Eduardo Garcia
|
0-0: Swinging Strike 0-1: Foul Ball, location: 2F 0-2: Ball 1-2: Strikes out looking
|
Batting: RHB Jesus Parra
|
0-0: Foul Ball, location: 2F 0-1: Swinging Strike 0-2: Foul Ball, location: 2F 0-2: Strikes out swinging
|
Top of the 8th over - 0 runs, 0 hits, 0 errors, 0 left on base; San Antonio 2 - Tacoma 3 |
BOTTOM OF THE 8TH |
Tacoma Rainiers batting - Pitching for San Antonio Missions : RHP Isaiah Campbell
|
Batting: RHB Matthew Lugo
|
0-0: Ball 1-0: Called Strike 1-1: DOUBLE (Line Drive, 78M, EV 105.0 MPH)
|
Batting: LHB Nolan Tressler
|
0-0: Foul Ball, location: 2F 0-1: Ball 1-1: Foul Ball, location: 2F 1-2: Foul Ball, location: 2F 1-2: Fly out, F7 (Line Drive, 7, EV 97.5 MPH)
|
Batting: RHB Silas Butler
|
0-0: Called Strike 0-1: Swinging Strike 0-2: Foul Ball, location: 2F 0-2: Strikes out looking
|
Pitching: RHP Wade Beasley
|
|
Batting: LHB Andres Gimenez
|
0-0: Ball 1-0: Ball 2-0: Called Strike 2-1: Ball 3-1: Base on Balls
|
Batting: RHB Richard Garcia
|
0-0: Ball Andres Gimenez steals 2nd base Matthew Lugo steals 3rd base 1-0: Called Strike 1-1: Called Strike 1-2: Foul Ball, location: 2F 1-2: Foul Ball, location: 2F 1-2: Ball 2-2: Foul Ball, location: 2F 2-2: Foul Ball, location: 2F 2-2: Foul Ball, location: 2F 2-2: Foul Ball, location: 2F 2-2: Ground out 6-3 (Groundball, 6, EV 106.2 MPH)
|
Bottom of the 8th over - 0 runs, 1 hit, 0 errors, 2 left on base; San Antonio 2 - Tacoma 3 |
TOP OF THE 9TH |
San Antonio Missions batting - Pitching for Tacoma Rainiers : RHP Will Proctor
|
Pitching: LHP Darwinzon Hernandez
|
|
Batting: RHB Pablo Abreu
|
0-0: SOLO HOME RUN (Flyball, 7LD, EV 103.1 MPH), Distance : 366 ft
|
Batting: SHB Yordys Valdes
|
0-0: Foul Ball, location: 2F 0-1: Ball 1-1: Called Strike 1-2: Foul Ball, location: 2F 1-2: Strikes out looking
|
Batting: LHB Juan Pie
|
0-0: Called Strike 0-1: SINGLE (Groundball, 34S, EV 68.8 MPH) (infield hit)
|
Batting: LHB Ethan Hearn
|
0-0: Ball 1-0: Called Strike Juan Pie steals 2nd base 1-1: Foul Ball, location: 2F 1-2: Fly out, F9 (Flyball, 9, EV 88.8 MPH)
|
Batting: LHB Hedbert Perez
|
0-0: Ball 1-0: Ground out U3 (Groundball, 3L, EV 106.9 MPH)
|
Top of the 9th over - 1 run, 2 hits, 0 errors, 1 left on base; San Antonio 3 - Tacoma 3 |
BOTTOM OF THE 9TH |
Tacoma Rainiers batting - Pitching for San Antonio Missions : RHP Wade Beasley
|
Pitching: RHP Nolan Hoffman
|
|
Batting: RHB Nelson Medina
|
0-0: Ball 1-0: Ball 2-0: Ball 3-0: Called Strike 3-1: Swinging Strike 3-2: Strikes out swinging
|
Batting: LHB Jonatan Clase
|
0-0: SINGLE (Line Drive, 8LS, EV 93.1 MPH)
|
Batting: RHB Francisco Hernandez
|
0-0: Ball 1-0: Ball 2-0: Fly out, F7 (Flyball, 78M, EV 90.6 MPH)
|
Batting: LHB Joe Rizzo
|
0-0: Called Strike 0-1: Ball 1-1: Ball 2-1: SINGLE (Line Drive, 34, EV 97.5 MPH) Jonatan Clase to second Runner from 2nd tries for 3rd, SAFE, throw by RF made to third
|
Batting: RHB Matthew Lugo
|
0-0: Ball 1-0: Fly out, F6 (Line Drive, 6, EV 67.5 MPH)
|
Bottom of the 9th over - 0 runs, 2 hits, 0 errors, 2 left on base; San Antonio 3 - Tacoma 3 |
TOP OF THE 10TH |
San Antonio Missions batting - Pitching for Tacoma Rainiers : LHP Darwinzon Hernandez
|
Pitching: LHP Gabriel Rodriguez
|
|
Batting: LHB Jeans Garcia
|
0-0: Called Strike 0-1: Ball 1-1: Ball 2-1: DOUBLE (Line Drive, 89D, EV 109.4 MPH)
|
Batting: RHB Gabriel Rodriguez
|
0-0: SINGLE (Line Drive, 9LS, EV 105.0 MPH) Jeans Garcia to third
|
Batting: RHB Eduardo Garcia
|
0-0: Foul Ball, location: 2F 0-1: Swinging Strike 0-2: Ball 1-2: Strikes out looking
|
Batting: RHB Jesus Parra
|
0-0: Swinging Strike 0-1: Called Strike 0-2: Ball 1-2: Ball 2-2: Ball 3-2: Strikes out looking Gabriel Rodriguez steals 2nd base (no throw) Batter strikes out.
|
Batting: RHB Pablo Abreu
|
0-0: Ball 1-0: Called Strike 1-1: Ball 2-1: Foul Ball, location: 2F 2-2: Ball 3-2: Base on Balls
|
Batting: SHB Yordys Valdes
|
0-0: Called Strike 0-1: Foul Ball, location: 2F 0-2: Ball 1-2: Strikes out swinging
|
Top of the 10th over - 0 runs, 2 hits, 0 errors, 3 left on base; San Antonio 3 - Tacoma 3 |
BOTTOM OF THE 10TH |
Tacoma Rainiers batting - Pitching for San Antonio Missions : RHP Nolan Hoffman
|
Batting: LHB Nolan Tressler
|
0-0: Called Strike 0-1: Ball 1-1: Foul Ball, location: 2F 1-2: Ball 2-2: Ball 3-2: Foul Ball, location: 2F 3-2: Base on Balls
|
Batting: RHB Silas Butler
|
0-0: Ball 1-0: Ball 2-0: Ground out 5-3 (Groundball, 25, EV 67.5 MPH) Nolan Tressler to second
|
Batting: LHB Andres Gimenez
|
0-0: Intentional Walk
|
Batting: RHB Richard Garcia
|
0-0: Fly out, F7 (Flyball, 78D, EV 103.8 MPH) Runner from 2nd tags up, SAFE at 3rd with throw by LF
|
Pitching: RHP Luis Gil
|
|
Batting: RHB Nelson Medina
|
0-0: Ball 1-0: Called Strike 1-1: Ball 2-1: Swinging Strike 2-2: Ball 3-2: Strikes out looking
|
Bottom of the 10th over - 0 runs, 0 hits, 0 errors, 2 left on base; San Antonio 3 - Tacoma 3 |
TOP OF THE 11TH |
San Antonio Missions batting - Pitching for Tacoma Rainiers : LHP Gabriel Rodriguez
|
Batting: LHB Juan Pie
|
0-0: Ball 1-0: Ball 2-0: Called Strike 2-1: Swinging Strike 2-2: Ball 3-2: Strikes out swinging
|
Batting: LHB Ethan Hearn
|
0-0: Called Strike 0-1: Swinging Strike 0-2: Ground out 6-3 (Groundball, 4, EV 106.2 MPH)
|
Batting: LHB Hedbert Perez
|
0-0: Ground out 6-3 (Groundball, 6, EV 88.1 MPH)
|
Top of the 11th over - 0 runs, 0 hits, 0 errors, 0 left on base; San Antonio 3 - Tacoma 3 |
BOTTOM OF THE 11TH |
Tacoma Rainiers batting - Pitching for San Antonio Missions : RHP Luis Gil
|
Batting: LHB Jonatan Clase
|
0-0: Called Strike 0-1: Ball 1-1: Ball 2-1: Foul Ball, location: 2F 2-2: Foul Ball, location: 2F 2-2: Strikes out swinging
|
Batting: RHB Francisco Hernandez
|
0-0: Ground out 5-3 (Groundball, 5, EV 83.8 MPH)
|
Batting: LHB Joe Rizzo
|
0-0: Ground out U3 (Groundball, 34S, EV 89.4 MPH)
|
Bottom of the 11th over - 0 runs, 0 hits, 0 errors, 0 left on base; San Antonio 3 - Tacoma 3 |
TOP OF THE 12TH |
San Antonio Missions batting - Pitching for Tacoma Rainiers : LHP Gabriel Rodriguez
|
Pitching: RHP Juan Mejia
|
|
Batting: LHB Jeans Garcia
|
0-0: Ball 1-0: Ball 2-0: Called Strike 2-1: Fly out, F9 (Line Drive, 9D, EV 93.1 MPH)
|
Batting: RHB Gabriel Rodriguez
|
0-0: Ball 1-0: Foul Ball, location: 2F 1-1: Swinging Strike 1-2: Ground out 6-3 (Groundball, 6, EV 82.5 MPH)
|
Batting: RHB Eduardo Garcia
|
0-0: Ground out 6-3 (Groundball, 6, EV 83.1 MPH)
|
Top of the 12th over - 0 runs, 0 hits, 0 errors, 0 left on base; San Antonio 3 - Tacoma 3 |
BOTTOM OF THE 12TH |
Tacoma Rainiers batting - Pitching for San Antonio Missions : RHP Luis Gil
|
Batting: RHB Matthew Lugo
|
0-0: Called Strike 0-1: Swinging Strike 0-2: Foul Ball, location: 2F 0-2: Foul Ball, location: 2F 0-2: Foul Ball, location: 2F 0-2: Ball 1-2: Ball 2-2: Strikes out swinging
|
Batting: LHB Nolan Tressler
|
0-0: Ball 1-0: Called Strike 1-1: Fly out, F8 (Flyball, 8LD, EV 100.6 MPH)
|
Batting: RHB Silas Butler
|
0-0: Ball 1-0: Foul Ball, location: 2F 1-1: Called Strike 1-2: Foul Ball, location: 2F 1-2: Foul Ball, location: 2F 1-2: SINGLE (Groundball, 56S, EV 70.6 MPH) (infield hit)
|
Batting: LHB Andres Gimenez
|
0-0: Called Strike Silas Butler steals 2nd base 0-1: Called Strike 0-2: Ball 1-2: Strikes out swinging
|
Bottom of the 12th over - 0 runs, 1 hit, 0 errors, 1 left on base; San Antonio 3 - Tacoma 3 |
TOP OF THE 13TH |
San Antonio Missions batting - Pitching for Tacoma Rainiers : RHP Juan Mejia
|
Batting: RHB Jesus Parra
|
0-0: Foul Ball, location: 2F 0-1: Ground out 5-3 (Groundball, 5S, EV 68.1 MPH)
|
Batting: RHB Pablo Abreu
|
0-0: Ball 1-0: Foul Ball, location: 2F 1-1: Ball 2-1: Foul Ball, location: 2F 2-2: Ball 3-2: Strikes out swinging
|
Batting: SHB Yordys Valdes
|
0-0: Foul Ball, location: 2F 0-1: Ball 1-1: Ball 2-1: Foul Ball, location: 2F 2-2: Fly out, F9 (Line Drive, 9, EV 91.2 MPH)
|
Top of the 13th over - 0 runs, 0 hits, 0 errors, 0 left on base; San Antonio 3 - Tacoma 3 |
BOTTOM OF THE 13TH |
Tacoma Rainiers batting - Pitching for San Antonio Missions : RHP Luis Gil
|
Pitching: RHP Trent Palmer
|
|
Pinch Hitting: RHB Grae Kessinger
|
0-0: Foul Ball, location: 2F 0-1: Foul Ball, location: 2F 0-2: Ball 1-2: Foul Ball, location: 2F 1-2: Foul Ball, location: 2F 1-2: Ball 2-2: Ball 3-2: Base on Balls
|
Batting: RHB Nelson Medina
|
0-0: Called Strike 0-1: Foul Ball, location: 2F 0-2: Fielders Choice at 2nd, 2-6 (Groundball, 2R, EV 66.2 MPH)
|
Batting: LHB Jonatan Clase
|
0-0: Called Strike 0-1: Ball 1-1: Fielders Choice at 2nd, 4-6 (Groundball, 4, EV 77.5 MPH)
|
Batting: RHB Francisco Hernandez
|
0-0: Called Strike Jonatan Clase steals 2nd base 0-1: Ball 1-1: Ball 2-1: Foul Ball, location: 2F 2-2: Ground out 1-3 (Groundball, 15S, EV 65.6 MPH)
|
Bottom of the 13th over - 0 runs, 0 hits, 0 errors, 1 left on base; San Antonio 3 - Tacoma 3 |
TOP OF THE 14TH |
San Antonio Missions batting - Pitching for Tacoma Rainiers : RHP Juan Mejia
|
Now at C: Tim McFall
|
|
Batting: LHB Juan Pie
|
0-0: Ball 1-0: Ball 2-0: Called Strike 2-1: Ball 3-1: Foul Ball, location: 2F 3-2: Base on Balls
|
Pitching: RHP Jose Maldonado
|
|
Batting: LHB Ethan Hearn
|
0-0: Called Strike 0-1: Ball 1-1: Ball Juan Pie steals 2nd base 2-1: Ball 3-1: Base on Balls
|
Batting: LHB Hedbert Perez
|
0-0: Sac Bunt to 2L - play at first, batter OUT! 2-4 Juan Pie to third Ethan Hearn to second
|
Batting: LHB Jeans Garcia
|
0-0: Ball 1-0: Swinging Strike 1-1: Called Strike 1-2: Foul Ball, location: 2F 1-2: Foul Ball, location: 2F 1-2: Strikes out swinging
|
Batting: RHB Gabriel Rodriguez
|
0-0: Foul Ball, location: 2F 0-1: Ball 1-1: Ball 2-1: Swinging Strike 2-2: Ball 3-2: Foul Ball, location: 2F 3-2: Foul Ball, location: 2F 3-2: Strikes out swinging
|
Top of the 14th over - 0 runs, 0 hits, 0 errors, 2 left on base; San Antonio 3 - Tacoma 3 |
BOTTOM OF THE 14TH |
Tacoma Rainiers batting - Pitching for San Antonio Missions : RHP Trent Palmer
|
Batting: LHB Joe Rizzo
|
0-0: Ground out U3 (Groundball, 34S, EV 86.2 MPH)
|
Batting: RHB Matthew Lugo
|
0-0: Ground out 6-3 (Groundball, 6, EV 87.5 MPH)
|
Batting: LHB Nolan Tressler
|
0-0: Foul Ball, location: 2F 0-1: Swinging Strike 0-2: Strikes out swinging
|
Bottom of the 14th over - 0 runs, 0 hits, 0 errors, 0 left on base; San Antonio 3 - Tacoma 3 |
TOP OF THE 15TH |
San Antonio Missions batting - Pitching for Tacoma Rainiers : RHP Jose Maldonado
|
Batting: RHB Eduardo Garcia
|
0-0: Called Strike 0-1: Swinging Strike 0-2: Strikes out swinging
|
Batting: RHB Jesus Parra
|
0-0: Swinging Strike 0-1: Ball 1-1: Ball 2-1: SOLO HOME RUN (Flyball, 78XD, EV 93.1 MPH), Distance : 443 ft
|
Batting: RHB Pablo Abreu
|
0-0: Called Strike 0-1: Foul Ball, location: 2F 0-2: Ball 1-2: Foul Ball, location: 2F 1-2: Fly out, F3 (Popup, 3, EV 66.2 MPH)
|
Batting: SHB Yordys Valdes
|
0-0: Ball 1-0: Foul Ball, location: 2F 1-1: Foul Ball, location: 2F 1-2: Fly out, F7 (Flyball, 7, EV 86.2 MPH)
|
Top of the 15th over - 1 run, 1 hit, 0 errors, 0 left on base; San Antonio 4 - Tacoma 3 |
BOTTOM OF THE 15TH |
Tacoma Rainiers batting - Pitching for San Antonio Missions : RHP Trent Palmer
|
Now in RF: Jerrion Ealy
|
|
Batting: RHB Silas Butler
|
0-0: Ground out 5-3 (Groundball, 56, EV 86.9 MPH)
|
Batting: LHB Andres Gimenez
|
0-0: Called Strike 0-1: Ball 1-1: Ball 2-1: Called Strike 2-2: Fly out, F9 (Line Drive, 9, EV 98.1 MPH)
|
Pinch Hitting: LHB Derian Perez
|
0-0: Called Strike 0-1: Ball 1-1: Foul Ball, location: 2F 1-2: Ground out 3-1 (Groundball, 34S, EV 72.5 MPH)
|
Bottom of the 15th over - 0 runs, 0 hits, 0 errors, 0 left on base; San Antonio 4 - Tacoma 3 |
|
Monday, May 17th, 2021 - OOTP Baseball 21.5 Build 76
|
|